 Dungeon Crawl Stone Soup version 0.22-a0-69-g116c2a8 (webtiles) character file.

86 shenanigans the Skirmisher (level 4, -1/35 HPs)
             Began as a Barachi Skald on Jan 11, 2018.
             Slain by an ogre
             ... wielding a +0 giant club
              (15 damage)
             ... on level 4 of the Dungeon.
             The game lasted 00:04:11 (2445 turns).

shenanigans the Skirmisher (Barachi Skald)          Turns: 2445, Time: 00:04:12

Health: -1/35      AC: 11    Str: 12    XL:     4   Next: 50%
Magic:  6/7        EV:  6    Int: 15    God:
Gold:   126        SH:  0    Dex: 11    Spells: 6/7 levels left

rFire    + . .     SeeInvis .   b - +0 dagger (venom)
rCold    . . .     Gourm    .   (no shield)
rNeg     . . .     Faith    .   q - +0 chain mail
rPois    .         Spirit   .   m - +0 helmet (curse)
rElec    .         Reflect  .   n - +0 cloak
rCorr    .         Harm     .   (no gloves)
MR       .....                  (no boots)
Stlth    ..........             (no amulet)
HPRegen  0.11/turn              o - ring of protection from fire
MPRegen  0.10/turn              (no ring)

@: very slightly contaminated, slow
A: +LOS, swims, slowness 1, strong legs 1
a: Hop


You were on level 4 of the Dungeon.
You were very hungry.

You visited 1 branch of the dungeon, and saw 4 of its levels.

You collected 126 gold pieces.

Inventory:

Hand Weapons
 a - a +0 hand axe
 b - a +0 dagger of venom (weapon)
 u - a +1 spear of venom
Armour
 j - a +0 ring mail
 l - a +0 leather armour
 m - a cursed +0 helmet (worn)
 n - a +0 cloak (worn)
 q - a +0 chain mail (worn)
Jewellery
 o - a ring of protection from fire (left hand)
Scrolls
 f - a scroll of enchant armour {unknown}
 g - 2 scrolls of teleportation {unknown}
 k - 4 scrolls of identify {unknown}
 p - a scroll of magic mapping {unknown}
 s - a scroll of immolation {unknown}
 t - a scroll of remove curse {unknown}
Potions
 e - 3 potions of lignification {unknown}
 h - 2 potions of ambrosia {unknown}
 i - 2 potions of agility {unknown}
 r - a potion of curing {unknown}
 v - a potion of heal wounds {unknown}
Books
 c - a book of Battle

   Spells                             Type                      Level
   a - Infusion                       Charms                       1
   b - Shroud of Golubria             Charms/Translocation         2
   c - Song of Slaying                Charms                       2
   d - Spectral Weapon                Hexes/Charms                 3
   e - Regeneration                   Charms/Necromancy            3
Comestibles
 d - 7 rations


   Skills:
 + Level 3.4 Fighting
 + Level 3.1 Axes
 + Level 2.7 Armour
 + Level 3.1 Dodging
 - Level 2.1 Spellcasting
 - Level 3.2 Charms


You had 6 spell levels left.
You knew the following spells:

 Your Spells              Type           Power        Failure   Level  Hunger
a - Infusion              Chrm           ##..         91%         1    #......


Dungeon Overview and Level Annotations

Branches:
Dungeon (4/15)
 Temple: D:4-7

Altars:
Yredelemnul

Annotations:
D:3 Typerbomb's ghost, amateur VSGl


Innate Abilities, Weirdness & Mutations

Shadows flee at your approach. (+LOS)
You can swim through water.
You cover ground slowly.
You can hop short distances.


Message History

Casting: Infusion
Confirm with . or Enter, or press ? or * to list all spells.
You miscast Infusion.
You are very lightly contaminated with residual magic.
Waves of light ripple over your body.
You hit the ogre but do no damage.
The ogre is poisoned.
The ogre hits you with a giant club.
You hit the ogre.
The ogre looks as sick as possible!
The ogre is lightly wounded.
You hit the ogre.
The ogre is moderately wounded.
The ogre barely misses you.
Your chain mail prevents you from hitting the ogre.
The ogre is moderately wounded.
The ogre hits you with a giant club!!
Ouch! That really hurt!
You hit the ogre.
The ogre is severely wounded.
The ogre hits you with a giant club!
You die...

#......# +......#
#......# #......#
######......#
#...........#
#...........# #
#.รท...#######..##.
#<....'..@O.......
#.....#...........
#......'###.......
#...##'## #+##...
#...#...# #.
#...#...# +...#...#
#...#...# #...#...#


You could see an ogre.

Vanquished Creatures
  A bullfrog zombie (D:3)
  An adder skeleton (D:3)
  A worm (D:4)
  3 dart slugs
  2 leopard geckos
  6 orcs
  A ball python (D:2)
  3 goblins
  3 kobolds
  4 bats
  2 frilled lizards
  7 rats
  A spectral orc (D:2)
35 creatures vanquished.

Notes
Turn   | Place    | Note
-------+----------+-------------------------------------------
     0 | D:1      | shenanigans the Barachi Skald began the quest for the Orb.
     0 | D:1      | Reached XP level 1. HP: 17/17 MP: 3/3
   182 | D:1      | Reached XP level 2. HP: 23/23 MP: 5/5
  1261 | D:2      | Found a basalt altar of Yredelemnul.
  1382 | D:2      | Reached XP level 3. HP: 28/28 MP: 6/6
  1467 | D:2      | You fall through a shaft!
  1998 | D:3      | Reached XP level 4. HP: 26/35 MP: 7/7
  2149 | D:3      | Noticed Typerbomb's ghost (amateur VSGl)
  2439 | D:4      | Noticed an ogre
  2445 | D:4      | Slain by an ogre

Vault maps used:
D:1:      dpeg_arrival_boxes_within_box
D:2:      yredelemnul_forgotten_temple_becter, first_ration, kennysheep_path_1
D:3:      trog_hazing_becter
D:4:      serial_shops, shop_fountains, nrook_uturn, kennysheep_generic_room_3

Skill      XL: |  1  2  3 |
---------------+----------+-----
Armour         | 2 |  2.7
Fighting       | 3 |  3.4
Axes           | 3 |  3.1
Dodging        | 3 |  3.1
Spellcasting   | |  2.1
Charms         | |  3.2

Action                   |  1- 3 |  4- 6 || total
-------------------------+-------+-------++-------
Melee: Hand axe          |    38 |       ||    38
       Dagger            |    91 |    51 ||   142
  Eat: Chunk             |     4 |     1 ||     5
Armor: Leather armour    |    12 |       ||    12
       Ring mail         |    21 |       ||    21
       Chain mail        |    43 |    25 ||    68
Dodge: Dodged            |    58 |    15 ||    73

Table legend:
 A = Spawn XP
 B = Non-spawn XP
 C = Spawn XP percentage of total XP
 D = Spawn monster count
 E = Non-spawn monster count
 F = Spawn count percentage of total count
 G = Total turns spent on level
                    A         B        C        D         E        F      G
               +---------+---------+-------+---------+---------+-------+---------
         Total |       0 |     124 |   0.0 |       0 |      35 |   0.0 |  2445
               +---------+---------+-------+---------+---------+-------+---------
           D:1 |       0 |      18 |   0.0 |       0 |       9 |   0.0 |   980
           D:2 |       0 |      17 |   0.0 |       0 |      10 |   0.0 |   794
           D:3 |       0 |      83 |   0.0 |       0 |      14 |   0.0 |   416
           D:4 |       0 |       6 |   0.0 |       0 |       2 |   0.0 |   255
               +---------+---------+-------+---------+---------+-------+---------
